Unix NetHack Version 3.7.0-101 Work-in-progress - last build Apr 1 2024 13:39:02 (cf3915abb6dcc6e3362b2b16a766b7b4f6c45fc9,branch:master). Game began 2024-03-26 13:29:13, ended 2024-04-03 13:52:36. xororand, neutral male human Priest -- |. ---. -- ... .| ... ..- ..---.( ..... ..... |... .-- |GG-- ......| |hfG.........- ---@.--- .....| --...-- - -).--- ....-- ---- Xororand the Aspirant St:12 Dx:11 Co:13 In:10 Wi:17 Ch:12 Neutral S:263 Dlvl:4 $:29 HP:0(19) Pw:18(29) AC:7 Xp:2/21 T:563 Latest messages: You miss the goblin. You kill the goblin! Where do you want to travel to? (For instructions type a '?') The kitten eats a goblin corpse. You descend the stairs. You sense the presence of monsters. (For instructions type a '?') Done. You swap places with your kitten. That door is closed. That door is closed. The door opens. You kill the giant rat! Welcome to experience level 2. You see here a food ration. r - a food ration. You stop. Your kitten is in the way! You swap places with your kitten. You sense the presence of monsters. (For instructions type a '?') Done. You swap places with your kitten. The door opens. You see here a food ration. r - a food ration (2 in total). You swap places with your kitten. You swap places with your kitten. You descend the stairs. The kitten bites the gnome. The gnome is killed! You sense the presence of monsters. (For instructions type a '?') Done. The dwarf wields a blessed dagger! The dwarf thrusts his dagger. The dwarf hits! The kitten misses the dwarf. You swap places with your kitten. The kitten bites the dwarf. The dwarf thrusts his dagger at the kitten. The dwarf misses the kitten. The dwarf thrusts his dagger. The dwarf hits! You die... Do you want your possessions identified? [ynq] (y) n Do you want to see your attributes? [ynq] (y) n Do you want an account of creatures vanquished? [ynaq] (y) n Do you want to see your conduct and achievements? [ynq] (y) n Do you want to see the dungeon overview? [ynq] (y) n Inventory: Coins $ - 29 gold pieces Weapons a - a blessed +1 mace (weapon in right hand) Armor c - a +0 small shield (being worn) b - a +0 robe (being worn) Comestibles e - a clove of garlic r - 2 food rations p - a cursed food ration f - a sprig of wolfsbane o - a tripe ration q - a lichen corpse Scrolls j - a blessed scroll of blank paper l - a scroll of magic mapping Spellbooks g - a spellbook of detect monsters h - a spellbook of stone to flesh Potions n - a blessed potion of confusion d - 4 potions of holy water Wands m - a wand of slow monster (0:3) Tools k - a lock pick i - a magic marker (0:20) Xororand the Priest's attributes: Background: You were an Aspirant, a level 2 human Priest. You were neutral, on a mission for Odin who was opposed by Tyr (lawful) and Loki (chaotic). You were right-handed. You were in the Gnomish Mines, on level 4. You entered the dungeon 563 turns ago. You had 21 experience points, 19 more were needed to attain level 3. Your score was 263 before end-of-game adjustments. Basics: You had 0 out of 19 hit points. You had 18 out of 29 energy points (spell power). Your armor class was 7. Your wallet contained 29 zorkmids. Autopickup was off. Final Characteristics: Your strength was 12 (limit:18/100). Your dexterity was 11 (limit:18). Your constitution was 13 (limit:18). Your intelligence was 10 (limit:18). Your wisdom was 17 (limit:18). Your charisma was 12 (limit:18). Final Status: You weren't hungry. You were unencumbered. You were wielding a mace. You had basic skill with mace. Final Attributes: You were stridently aligned. You were guarded. You are dead. Miscellaneous: You never encountered a bones level. Total elapsed playing time was 21 minutes and 40 seconds. Major events: Turn 1: xororand the neutral human Priest entered the dungeon 556: entered the Gnomish Mines 563: killed by a dwarf Vanquished creatures: a giant rat a gnome 3 jackals a goblin 3 grid bugs 2 lichens a kobold zombie 4 newts 16 creatures vanquished. No species were genocided or became extinct. Voluntary challenges: You were an atheist. You read items or engraved 1 time. You never engraved Elbereth. You never genocided any monsters. You never polymorphed an object. You never changed form. You used no wishes. Achievement: You entered the Gnomish Mines. The Dungeons of Doom: levels 1 to 3 Level 1: Some fountains. Level 2: A fountain. Level 3: A fountain. Stairs down to The Gnomish Mines. The Gnomish Mines: Level 4: <- You were here. Final resting place for you, killed by a dwarf. Game over: ---------- / \ / REST \ / IN \ / PEACE \ / \ | xororand | | 29 Au | | killed by a | | dwarf | | | | | | 2024 | *| * * * | * _________)/\\_//(\/(/\)/\//\/|_)_______ Goodbye xororand the Priest... You died in The Gnomish Mines on dungeon level 4 with 261 points, and 29 pieces of gold, after 563 moves. You were level 2 with a maximum of 19 hit points when you died.